 Dungeon Crawl Stone Soup version 0.29-a0-1019-g84f7d21838 (webtiles) character file.

Game seed: 12410511205852977410

77 xian the Magician (level 4, 0/21 HPs)
             Began as a Spriggan Ice Elementalist on Aug 11, 2022.
             Succumbed to an adder's poison
             ... on level 2 of the Dungeon.
             The game lasted 00:04:46 (1285 turns).

xian the Magician (Spriggan Ice Elementalist)       Turns: 1285, Time: 00:04:46

Health: 0/21       AC:  2    Str:  4    XL:     4   Next: 14%
Magic:  6/11       EV: 17    Int: 18    God:
Gold:   46         SH:  0    Dex: 15    Spells: 4/11 levels left

rFire   . . .      SeeInvis +   g - +0 short sword
rCold   . . .      Faith    .   (no shield)
rNeg    . . .      Spirit   .   a - +0 robe
rPois   .          Reflect  .   (helmet restricted)
rElec   .          Harm     .   (no cloak)
rCorr   .          Rampage  .   (gloves unavailable)
Will    .....                   (boots unavailable)
Stlth   ++........              (no amulet)
HPRegen 0.07/turn               (no ring)
MPRegen 0.12/turn               (no ring)

@: mighty, lethally poisoned (0 -> -3), very quick
A: very small, no large weapons, unfitting armour, see invisible, speed 3
a: no special abilities


You were on level 2 of the Dungeon.
You visited 1 branch of the dungeon, and saw 2 of its levels.

You collected 46 gold pieces.

Inventory:

Hand Weapons
 g - a +0 short sword (weapon)
Missiles
 c - 6 poisoned darts
Armour
 a - a +0 robe (worn)
Jewellery
 e - a ring of protection from cold
Scrolls
 d - a scroll of butterflies {unknown}
 f - a scroll of identify {unknown}
 h - a scroll of fear {unknown}
 i - a scroll of silence {unknown}
 j - a scroll of poison {unknown}
 k - a scroll of teleportation {unknown}
Potions
 b - a potion of magic


   Skills:
 + Level 0.4 Fighting
 + Level 0.7 Short Blades
 + Level 3.1 Dodging
 + Level 3.2 Stealth
 + Level 4.0 Spellcasting
 + Level 3.8 Ice Magic


You had 4 spell levels left.
You knew the following spells:

 Your Spells              Type           Power      Damage    Failure   Level
a - Freeze                Ice            68%        1d8       3%          1
b - Frozen Ramparts       Ice            34%        1d6       9%          3
c - Ozocubu's Armour      Ice            17%        N/A       9%          3

Your spell library contained the following spells:

 Spells                   Type           Power      Damage    Failure   Level
 Hailstorm                Conj/Ice       10%        3d5       54%         4


Dungeon Overview and Level Annotations

Branches:
Dungeon (2/15)

Altars:

Shops:
D:1 ?


Innate Abilities, Weirdness & Mutations

You are very small and have problems with some larger weapons.
You are too small for most types of armour.
You have supernaturally acute eyesight. (SInv)
You cover ground extremely quickly. (Speed+++)


Message History

Aim: an adder (moderately wounded)
Okay, then.
You feel sick.
You feel sick.
Casting: Freeze (safe; 3% risk of failure)
Confirm with . or Enter, or press ? or * to list all spells.
The spell is extremely dangerous to miscast (10% risk of failure)!
Continue anyway? [Y]es or [N]o only, please.
The spell is extremely dangerous to miscast (10% risk of failure)!
Continue anyway?
Casting: Frozen Ramparts (extremely dangerous; 10% risk of failure)
Press: ? - help, Dir - look around, f - activate The walls around you are covered in ice.
* * * LOW HITPOINT WARNING * * *
You feel sick.
The wall freezes the adder.
The adder seems to slow down.
The wall freezes the adder but does no damage.
The adder closely misses you.
It was a potion of might.
You feel very mighty all of a sudden.
* * * LOW HITPOINT WARNING * * *
You feel sick.
The wall freezes the adder.
The adder seems to slow down.
The adder closely misses you.
You puncture the adder!
You kill the adder!
* * * LOW HITPOINT WARNING * * *
You feel sick.
Your Spellcasting skill increases to level 4!
You have reached level 4!
Your frozen ramparts will break if you move.
Continue? [Y]es or [N]o only, please.
Your frozen ramparts will break if you move.
Continue?
Okay, then.
* * * LOW HITPOINT WARNING * * *
You feel sick.
* * * LOW HITPOINT WARNING * * *
You feel sick.
The wall freezes the frilled lizard.
You kill the frilled lizard!
There is a lethal amount of poison in your body!
There is a lethal amount of poison in your body!
The frozen ramparts melt away as you move.
You die...

#...........####.#<...
#.......###....#.##.##
######.......# ####.# #.
#............# ####.# #.
#.$..........###....#....
#................#####.#.#
#................# #....
#................# #...#
#.......†.@..#'########....
#......†######........[.>..
#.....(.# ###########...
........# +... ..#######
#... . #... +... #... #...


There were no monsters in sight!

Vanquished Creatures
  4 adders (D:2)
  3 worms (D:2)
  4 endoplasms (D:1)
  3 goblins (D:1)
  3 hobgoblins
  A quokka (D:1)
  6 ball pythons
  2 bats (D:1)
  4 frilled lizards
  3 kobolds
33 creatures vanquished.

Notes
Turn   | Place    | Note
-------+----------+-------------------------------------------
     0 | D:1      | xian the Spriggan Ice Elementalist began the quest for the
                  | Orb.
     0 | D:1      | Reached XP level 1. HP: 9/9 MP: 5/5
     4 | D:1      | You fall into a shaft and drop 1 floor!
   133 | D:1      | Reached XP level 2. HP: 13/13 MP: 2/6
   137 | D:1      | Reached skill level 3 in Spellcasting
   204 | D:1      | Found Uzxawuesua's Magic Scroll Shop.
   567 | D:1      | Found a faded altar of an unknown god.
   589 | D:1      | Reached XP level 3. HP: 16/16 MP: 4/8
   594 | D:1      | Learned a level 3 spell: Frozen Ramparts
   598 | D:1      | Learned a level 3 spell: Ozocubu's Armour
  1283 | D:2      | Reached skill level 4 in Spellcasting
  1283 | D:2      | Reached XP level 4. HP: 3/21 MP: 6/11
  1284 | D:2      | HP: 1/21 [poisoned by an adder]
  1285 | D:2      | Succumbed to an adder's poison

Illustrated notes

Levels and vault maps discovered:
D:1:      dpeg_arrival_castle, layout_basic, serial_shops, shop,
          chequers_ecumenical_altar_island
D:2:      layout_basic

Skill      XL: |  1  2  3 |
---------------+----------+-----
Spellcasting   | 3 4 |  4.0
Dodging        | 3 |  3.1
Fighting       | |  0.4
Short Blades   | |  0.7
Stealth        | |  3.2
Ice Magic      | |  3.8

Action                   |  1- 3 |  4- 6 || total
-------------------------+-------+-------++-------
Melee: Dagger            |     2 |       ||     2
       Short sword       |    12 |       ||    12
 Cast: Freeze            |    44 |       ||    44
       Frozen Ramparts   |     5 |       ||     5
  Use: Potion            |     1 |       ||     1
 Stab: Sleeping          |     2 |       ||     2
Armor: Robe              |     5 |       ||     5
Dodge: Dodged            |    43 |       ||    43

Table legend: (Time is in decaauts)
 A = Elapsed time spent in this place.
 B = Non-inter-level travel time spent in this place.
 C = Inter-level travel time spent in this place.
 D = Time resting spent in this place.
 E = Time spent auto-exploring this place.
 F = Levels seen in this place.
 G = Mean time per level.
                   A        B        C        D        E       F      G
               +--------+--------+--------+--------+--------+-----+--------+
         Total |   1040 |   1006 |     34 |      3 |    767 |   2 |  520.0 |
       Dungeon |   1040 |   1006 |     34 |      3 |    767 |   2 |  520.0 |
               +--------+--------+--------+--------+--------+-----+--------+

Top non-repeatable levels by time:
     D:1: 703 daAuts
     D:2: 336 daAuts
